 Dungeon Crawl Stone Soup version 0.31-a0-859-g9dce7d3444 (webtiles) character file.

Game seed: 7170256835917148488

25 BinkBink the Sneak (level 2, 0/19 HPs)
             Began as a Vampire Enchanter on Oct 10, 2023.
             Slain by a goblin
             ... wielding a +0 dagger
              (3 damage)
             ... on level 2 of the Dungeon.
             The game lasted 00:00:56 (676 turns).

BinkBink the Sneak (Vampire Enchanter)               Turns: 676, Time: 00:00:56

Health: 0/19       AC:  2    Str:  7    XL:     2   Next: 82%
Magic:  5/5        EV: 12    Int: 17    God:
Gold:   36         SH:  0    Dex: 14    Spells: 5/5 levels left

rFire   . . .        a - +1 dagger
rCold   . . .        (no shield)
rNeg    . . .        b - +0 robe
rPois   .            (no helmet)
rElec   .            (no cloak)
rCorr   .            (no gloves)
SInv    +            (no boots)
Will    .....        (no amulet)
Stlth   +++          d - ring of wizardry
HPRegen 0.43/turn    (no ring)
MPRegen 0.09/turn

%: wizardry (x1)
@: healing quickly
A: alive, fangs 3, see invisible, vampiric 1
a: Exsanguinate


You were on level 2 of the Dungeon.
You visited 1 branch of the dungeon, and saw 2 of its levels.

You collected 36 gold pieces.

Inventory:

Hand Weapons
 a - a +1 dagger (weapon)
Armour
 b - a +0 robe (worn)
Jewellery
 d - a ring of wizardry (left hand)
Scrolls
 e - 2 scrolls of identify {unknown}
 f - 2 scrolls of teleportation {unknown}
 g - a scroll of immolation {unknown}
 i - a scroll of noise {unknown}
Potions
 c - 2 potions of invisibility
 h - a potion of degeneration {unknown}


   Skills:
 * Level 1.9 Short Blades
 + Level 2.5 Dodging
 * Level 5.0 Stealth
 + Level 2.2 Spellcasting
 + Level 4.6 Hexes


You had 5 spell levels left.
You didn't know any spells.
Your spell library contained the following spells:

 Spells                   Type           Power      Damage    Failure   Level
 Confusing Touch          Hex            17%        N/A       3%          3
 Tukima's Dance           Hex            17%        N/A       3%          3
 Ensorcelled Hibernation  Hex/Ice        18%        N/A       4%          2
 Dazzling Flash           Conj/Hex       18%        N/A       9%          3


Dungeon Overview and Level Annotations

Branches:
Dungeon (2/15)

Altars:


Innate Abilities, Weirdness & Mutations

Your natural rate of healing is accelerated.
You have razor-sharp teeth.
You have supernaturally acute eyesight. (SInv)
You are afflicted with vampirism.


Message History

Your Stealth skill increases to level 5!
No target in view!
No target in view!
i - a scroll labelled ROBRIC UNLUDO
Found a stone staircase leading down.
You now have 30 gold pieces (gained 8).
There is a stone staircase leading up here.
You now have 36 gold pieces (gained 6).
A goblin comes into view. It is wielding a +0 dagger.
The goblin shouts!
An adder comes into view.
A kobold comes into view. It is wielding a +0 short sword.
The adder hisses angrily.
The kobold shouts!
You hit the goblin.
The goblin is heavily wounded.
The goblin hits you but does no damage.
A ball python comes into view.
You barely miss the goblin.
The goblin is heavily wounded.
The goblin hits you with a +0 dagger.
You miss the goblin.
The goblin is heavily wounded.
The goblin hits you with a +0 dagger. The goblin attacks as it pursues you!
The goblin hits you but does no damage. The adder attacks as it pursues you!
The adder bites you.
You are poisoned.
The adder poisons you!
You feel sick.
You feel sick. The goblin attacks as it pursues you! The goblin misses you.
You feel sick. The goblin attacks as it pursues you!
The goblin closely misses you. The adder closely misses you.
You feel sick. The goblin attacks as it pursues you!
The goblin closely misses you.
You feel sick. The goblin attacks as it pursues you!
The goblin hits you with a +0 dagger.
* * * LOW HITPOINT WARNING * * *
You feel sick.
You are no longer poisoned.
The goblin attacks as it pursues you! The goblin hits you with a +0 dagger.
You die...

#. K.. ##.. ..
....##. #
#......##########.#
#.................#
.........K.....##.#
#....!...####.S##.#
#..#####.# #g.##.#
.. #.# #@.##.# .
#.# #...#.# #.#
#.#.#.# #.#
#.....## ..#
#...#..# ##
#...##.# #...##.#
.#######...##.#
#..........##.#


You could see an adder and a goblin.

Vanquished Creatures
  2 endoplasms (D:1)
  4 goblins (D:1)
  2 hobgoblins (D:1)
  2 quokkas (D:1)
  A ball python (D:2)
  5 bats (D:1)
  3 frilled lizards (D:1)
  2 kobolds (D:1)
  3 rats (D:1)
24 creatures vanquished.

Notes
Turn   | Place    | Note
-------+----------+-------------------------------------------
     0 | D:1      | BinkBink the Vampire Enchanter began the quest for the Orb.
     0 | D:1      | Reached XP level 1. HP: 13/13 MP: 3/3
   164 | D:1      | Reached XP level 2. HP: 17/19 MP: 5/5
   605 | D:2      | Reached skill level 5 in Stealth
   676 | D:2      | Slain by a goblin

Illustrated notes

Levels and vault maps discovered:
D:1:      ebering_trefoil_twist, layout_loops_cross
D:2:      layout_loops_ring, hangedman_decor_clover_reticule,
          minmay_pentomino_t4

Skill      XL: |  1  2 |
---------------+-------+-----
Stealth        | 5 |  5.0
Short Blades   | |  1.9
Dodging        | |  2.5
Spellcasting   | |  2.2
Hexes          | |  4.6

Action                     || total
---------------------------++-------
  Melee: Dagger            ||    57
         Bite              ||     2
   Stab: Sleeping          ||     7
 Armour: Robe              ||    38
  Dodge: Dodged            ||    38

Table legend: (Time is in decaauts)
 A = Elapsed time spent in this place.
 B = Non-inter-level travel time spent in this place.
 C = Inter-level travel time spent in this place.
 D = Time resting spent in this place.
 E = Time spent auto-exploring this place.
 F = Levels seen in this place.
 G = Mean time per level.
                   A        B        C        D        E       F      G
               +--------+--------+--------+--------+--------+-----+--------+
         Total |    673 |    649 |     24 |      0 |    503 |   2 |  336.5 |
       Dungeon |    673 |    649 |     24 |      0 |    503 |   2 |  336.5 |
               +--------+--------+--------+--------+--------+-----+--------+

Top non-repeatable levels by time:
     D:1: 598 daAuts
     D:2: 74 daAuts
